 Dungeon Crawl Stone Soup version 0.25-a0-561-g0977b4d109 (webtiles) character file.

Game seed: 1334797695052693117, levelgen mode: deterministic

8421 Flugslaktarn the Cleaver (level 11, -6/100 HPs)
             Began as a Deep Dwarf Fighter on Feb 25, 2020.
             Was a Priest of Makhleb.
             Mangled by a titanic slime creature (67 damage)
             ... on level 12 of the Dungeon.
             The game lasted 00:06:10 (7503 turns).

Flugslaktarn the Cleaver (Deep Dwarf Fighter)       Turns: 7503, Time: 00:06:11

Health: -6/100     AC: 16    Str: 24    XL:     11   Next: 9%
Magic:  8/8        EV:  9    Int: 10    God:    Makhleb [***...]
Gold:   290        SH: 17    Dex: 12    Spells: 10/10 levels left

rFire    . . .     SeeInvis .   a - +0 war axe
rCold    . . .     Gourm    .   c - +0 kite shield
rNeg     . . .     Faith    .   L - +0 plate armour
rPois    .         Spirit   .   i - +2 helmet
rElec    .         Reflect  +   p - +0 cloak
rCorr    .         Harm     .   B - +1 pair of gloves
MR       +....                  (no boots)
Stlth    ..........             K - +6 amulet of reflection
HPRegen  0.00/turn              h - +1 ring of evasion
MPRegen  0.11/turn              v - +2 ring of evasion

@: non-regenerating
A: damage resistance, heal wounds, deformed body, sense surroundings 2,
screaming 1, strong 1, wild magic 1, no regeneration
a: Heal Wounds, Minor Destruction, Lesser Servant of Makhleb, Renounce Religion


You were on level 12 of the Dungeon.
You worshipped Makhleb.
Makhleb was most pleased with you.
You were not hungry.

You visited 2 branches of the dungeon, and saw 13 of its levels.
You also visited: Sewer.

You collected 696 gold pieces.
You spent 406 gold pieces at shops.

Inventory:

Hand Weapons
 a - a +0 war axe (weapon)
Missiles
 F - a throwing net (quivered)
Armour
 c - a +0 kite shield (worn)
 i - a +2 helmet (worn)
   (You found it on level 5 of the Dungeon)
 p - a +0 cloak (worn)
   (You found it on level 5 of the Dungeon)
 B - a +1 pair of gloves (worn)
   (You found it on level 10 of the Dungeon)
 L - a +0 plate armour (worn)
   (You took it off an orc warrior on level 11 of the Dungeon)
Jewellery
 h - a +1 ring of evasion (left hand)
   (You found it on level 9 of the Dungeon)
 v - a +2 ring of evasion (right hand)
   (You took it off a gnoll on level 8 of the Dungeon)
 K - a +6 amulet of reflection (around neck)
   (You took it off an orc warrior on level 11 of the Dungeon)
Wands
 j - a wand of acid (7)
   (You found it on level 2 of the Dungeon)
 s - a wand of clouds (5)
   (You found it on level 6 of the Dungeon)
 D - a wand of digging (9)
   (You took it off Natasha on level 4 of the Dungeon)
 J - a wand of iceblast (5)
   (You found it on level 11 of the Dungeon)
Scrolls
 b - a scroll of fog
 k - 2 scrolls of immolation
 r - a scroll of identify
 t - 6 scrolls of teleportation
 x - 3 scrolls of fear
 y - 2 scrolls of enchant armour
 E - 2 scrolls of remove curse
 H - a scroll of brand weapon
 I - 3 scrolls of magic mapping
Potions
 d - 3 potions of might
 l - 3 potions of brilliance
 n - a potion of resistance
 o - 2 potions of stabbing
 q - 6 potions of curing
 u - a potion of magic
 w - 2 potions of heal wounds
 z - a potion of berserk rage {unknown}
 A - a potion of invisibility {unknown}
 C - 3 potions of flight
 G - a potion of haste {unknown}
Comestibles
 e - 17 rations
 f - 9 chunks of flesh


   Skills:
 + Level 7.0 Fighting
 * Level 11.2 Axes
 + Level 8.6 Armour
 + Level 8.4 Shields
 + Level 8.5 Invocations


You had 10 spell levels left.
You didn't know any spells.
Your spell library was empty.

Dungeon Overview and Level Annotations

Branches:
Dungeon (12/15)            Temple (1/1) D:4            Lair (0/6) D:8
  Sewer (visited)
    Orc: D:9-12

Altars:
Ashenzari
Cheibriados
Dithmenos
Fedhas
Gozag
Hepliaklqana
Kikubaaqudgha
Makhleb
Nemelex Xobeh
Okawaru
Qazlal
Ru
Sif Muna
Trog
Uskayaw
Vehumet
Wu Jian
Xom
Yredelemnul
Zin
The Shining One

Shops:
D:8 !   D:9 !}*(:

Annotations:
D:4 exclusion: oklob plant


Innate Abilities, Weirdness & Mutations

You are resistant to damage.
You can heal yourself by infusing magical energy.
You passively map the area around you.
You do not regenerate.
Armour fits poorly on your strangely shaped body.
You occasionally shout uncontrollably at your foes.
Your muscles are strong. (Str +2)
Your spells are a little harder to cast, but a little more powerful.


Message History

You slash the very large slime creature!
The very large slime creature is lightly wounded.
You hit the centaur zombie.
The centaur zombie hits you but does no damage.
Two slime creatures merge to form an enormous slime creature.
Two slime creatures merge to form a titanic slime creature.
You hit the centaur zombie.
The centaur zombie is heavily damaged.
You hit the titanic slime creature.
The centaur zombie hits you but does no damage.
You hit the titanic slime creature.
The titanic slime creature is lightly wounded.
You slash the slime creature! You hit the centaur zombie.
The centaur zombie is heavily damaged.
You hit the titanic slime creature. You slash the slime creature!
You block the centaur zombie's attack. The slime creature hits you!
The titanic slime creature hits you!!!
Ouch! That really hurt!
You die...

* +
####.######
###.........#
...........#
, #.........#
, , ,
#.........#
,,
#.........#
,, ,*
#...JJZ...#
,, ,,, ##@# ,
##..# , ,
##(.## * +* *
** #..## *
#.## * *
##.####### *
, #........#
, ,,,
#........# ,
, ,,,,
##........#


You could see a titanic slime creature, a slime creature and a centaur zombie.

Vanquished Creatures
  A hydra (D:12)
  3 death yaks (D:8)
  An unseen horror (D:9)
  An ugly thing (D:12)
  Joseph (D:9)
  A spriggan (D:10)
  5 yaks (D:8)
  2 vampire mosquitoes (D:12)
  A water moccasin (D:5)
  2 ice beasts
  2 sky beasts (D:5)
  3 orc warriors
  A black bear (D:7)
  2 hornet zombies
  A necrophage (D:9)
  6 ogres
  7 centaurs
  3 big kobolds
  A gnoll sergeant (D:10)
  5 bullfrogs
  5 scorpions
  6 howler monkeys
  3 crimson imps (D:9)
  A quasit (D:10)
  A bullfrog zombie (D:9)
  4 hounds
  3 jellies
  6 orc wizards
  2 bullfrog skeletons
  A gnoll shaman (D:9)
  2 iguanas
  Jessica (D:2)
  Natasha (thrice) (D:4)
  8 worker ants
  A worker ant zombie (D:8)
  A howler monkey zombie (D:8)
  12 gnolls
  11 adders
  2 shadow imps
  An ooze (D:2)
  An adder skeleton (D:5)
  An adder zombie (D:8)
  2 worms (D:3)
  5 leopard geckos
  30 orcs
  4 giant cockroaches
  8 hobgoblins
  7 jackals
  2 quokkas (D:5)
  3 ball pythons (D:6)
  A bat (D:2)
  3 frilled lizards
  21 kobolds
  A quokka skeleton (D:4)
  A quokka zombie (D:6)
  12 rats
225 creatures vanquished.

Notes
Turn   | Place    | Note
-------+----------+-------------------------------------------
     0 | D:1      | Flugslaktarn the Deep Dwarf Fighter began the quest for the
                  | Orb.
     0 | D:1      | Reached XP level 1. HP: 20/20 MP: 1/1
    58 | D:2      | Reached XP level 2. HP: 20/27 MP: 2/2
    95 | D:2      | Reached skill level 3 in Axes
    95 | D:2      | Reached XP level 3. HP: 14/33 MP: 3/3
   238 | D:2      | Noticed Jessica
   292 | D:2      | Killed Jessica
   292 | D:2      | Reached XP level 4. HP: 42/42 MP: 3/3
   537 | D:4      | Noticed Natasha
   545 | D:4      | Killed Natasha
   669 | D:4      | Reached skill level 4 in Axes
   669 | D:4      | Reached XP level 5. HP: 39/49 MP: 4/4
   678 | D:4      | Noticed Natasha
   686 | D:4      | Killed Natasha
   758 | D:4      | Found a sparkling altar of Nemelex Xobeh.
   758 | D:4      | Found a basalt altar of Yredelemnul.
   758 | D:4      | Noticed Natasha
   764 | D:4      | Killed Natasha
   769 | D:4      | Found a shattered altar of Ashenzari.
   771 | D:4      | Found a shadowy altar of Dithmenos.
   773 | D:4      | Found a hazy altar of Hepliaklqana.
   824 | D:4      | Noticed an ogre
   837 | D:4      | Killed an ogre
   837 | D:4      | Reached XP level 6. HP: 46/56 MP: 5/5
   920 | D:4      | Found a staircase to the Ecumenical Temple.
   931 | Temple   | Entered the Ecumenical Temple
   981 | Temple   | Became a worshipper of Makhleb the Destroyer
  1277 | D:4      | Found a blossoming altar of Fedhas.
  1295 | D:4      | Noticed an oklob plant
  1473 | D:5      | Entered Level 5 of the Dungeon
  1519 | D:5      | Noticed a sky beast
  1539 | D:5      | Killed a sky beast
  1539 | D:5      | Reached skill level 5 in Axes
  1539 | D:5      | Reached skill level 1 in Invocations
  1607 | D:5      | Noticed a sky beast
  1623 | D:5      | Killed a sky beast
  1623 | D:5      | Reached XP level 7. HP: 50/64 MP: 5/5
  1873 | D:5      | Reached skill level 5 in Armour
  1873 | D:5      | Reached skill level 5 in Shields
  2054 | D:5      | Reached skill level 6 in Axes
  2511 | D:6      | Reached * piety under Makhleb
  2529 | D:6      | Found a glowing drain.
  2536 | Sewer    | Entered a sewer
  2627 | Sewer    | Found a glowing silver altar of Zin.
  2736 | D:6      | Reached XP level 8. HP: 52/73 MP: 6/6
  3011 | D:6      | Reached skill level 7 in Axes
  3609 | D:7      | Reached skill level 5 in Fighting
  3666 | D:7      | Found a shimmering altar of Xom.
  4467 | D:8      | Reached skill level 5 in Invocations
  4476 | D:8      | Reached ** piety under Makhleb
  4489 | D:8      | Found Woroag's Distillery.
  4498 | D:8      | Bought 2 potions of mutation for 176 gold pieces
  4498 | D:8      | Bought a potion of resistance for 110 gold pieces
  4498 | D:8      | Gained mutation: Armour fits poorly on your strangely
                  | shaped body. [potion of mutation]
  4498 | D:8      | Gained mutation: You expend magic power (3 MP) to
                  | strengthen your wands. [potion of mutation]
  4499 | D:8      | Lost mutation: Armour fits poorly on your strangely shaped
                  | body. [potion of mutation]
  4499 | D:8      | Lost mutation: You expend magic power (3 MP) to strengthen
                  | your wands. [potion of mutation]
  4499 | D:8      | Gained mutation: Armour fits poorly on your strangely
                  | shaped body. [potion of mutation]
  4499 | D:8      | Gained mutation: Your spells are a little harder to cast,
                  | but a little more powerful. [potion of mutation]
  4499 | D:8      | Gained mutation: You occasionally shout uncontrollably at
                  | your foes. [potion of mutation]
  4499 | D:8      | Gained mutation: Your muscles are strong. (Str +2) [potion
                  | of mutation]
  4530 | D:8      | Reached skill level 8 in Axes
  4530 | D:8      | Gained mutation: You passively map the area around you.
                  | [Deep Dwarf growth]
  4530 | D:8      | Reached XP level 9. HP: 49/81 MP: 7/7
  4691 | D:8      | Noticed a death yak
  4692 | D:8      | Noticed a death yak
  4693 | D:8      | Found a staircase to the Lair.
  4693 | D:8      | Noticed a death yak
  4724 | D:8      | Killed a death yak
  4732 | D:8      | Killed a death yak
  4732 | D:8      | Reached skill level 9 in Axes
  4735 | D:8      | Killed a death yak
  4749 | D:8      | Reached XP level 10. HP: 88/91 MP: 6/8
  4898 | D:8      | Found a glowing golden altar of the Shining One.
  4899 | D:8      | Found a stormy altar of Qazlal.
  5150 | D:9      | Found Miop's Assorted Antiques.
  5158 | D:9      | Bought a purple potion for 28 gold pieces
  5158 | D:9      | Bought a green potion for 28 gold pieces
  5158 | D:9      | Bought a scroll of identify for 64 gold pieces
  5211 | D:9      | Found Inysmun's Book Emporium.
  5251 | D:9      | Killed an unseen horror
  5251 | D:9      | Reached skill level 10 in Axes
  5476 | D:9      | Found Bapreufo's Gadget Boutique.
  5500 | D:9      | Reached *** piety under Makhleb
  5558 | D:9      | Found Denguo's Antique Weapon Emporium.
  5643 | D:9      | Found Qidutuu's Distillery.
  5656 | D:9      | Noticed Joseph
  5678 | D:9      | Killed Joseph
  5920 | D:10     | Entered Level 10 of the Dungeon
  6535 | D:10     | Found a shimmering blue altar of Sif Muna.
  6911 | D:11     | Reached **** piety under Makhleb
  6932 | D:11     | Identified the +9 quarterstaff "Nuwets" {venom, SInv}
  7330 | D:12     | Reached skill level 11 in Axes
  7386 | D:12     | Noticed a white ugly thing
  7407 | D:12     | Killed a white ugly thing
  7407 | D:12     | Reached XP level 11. HP: 75/100 MP: 8/8
  7448 | D:12     | Noticed a seven-headed hydra
  7475 | D:12     | Killed a seven-headed hydra
  7503 | D:12     | Mangled by a titanic slime creature

Levels and vault maps discovered:
D:1:      saegor_arrival_simple_e, layout_basic, minmay_hexomino_f4
D:2:      layout_rooms, uniq_jessica
D:3:      layout_loops_ring, chequers_ecumenical_altar_simple, first_ration,
          kennysheep_nondescript
D:4:      layout_basic, chequers_temple_overflow_minitemple,
          minmay_temple_entry_large_hall, tgw_fedhas, uniq_natasha
D:5:      layout_basic
D:6:      layout_loops_corners, portal_sewer_entry_e
D:7:      layout_layer_cave, lemuel_doored_altar
D:8:      layout_basic, gammafunk_temple_overflow_statue, dpeg_lair_monsters,
          serial_shops, shop_fountains
D:9:      lemuel_upstairs_altar, layout_irregular_city, marbit_many_paths,
          serial_shops, shop, shop, shop, shop, nicolae_shop_behind_doors,
          uniq_joseph
D:10:     layout_irregular_city, grunt_pizzeria, lemuel_blue_sif_altar
D:11:     layout_cave_pools
D:12:     layout_roguey, kennysheep_orc_monster_closet_entryway, uniq_fannar
Temple:   cyrus_circular_temple

Skill      XL: |  1  2  3  4  5  6  7  8  9 10 |
---------------+-------------------------------+-----
Axes           | 3 4 5 6 8 9 11 | 11.2
Fighting       | 3 4 5 6 7 |  7.0
Armour         | 4 5 6 7 8 |  8.6
Shields        | 4 5 6 7 8 |  8.4
Invocations    | 2 3 5 6 8 |  8.5

Action                   |  1- 3 |  4- 6 |  7- 9 | 10-12 || total
-------------------------+-------+-------+-------+-------++-------
Melee: War axe           |    53 |   129 |   341 |   375 ||   898
       Unarmed           |    10 |       |       |       ||    10
Invok: Lesser Servant of |       |       |       |     3 ||     3
 Abil: Heal Wounds       |     2 |     4 |    13 |     8 ||    27
Evoke: Wand              |       |       |     1 |     2 ||     3
  Use: Scroll            |       |       |    12 |     7 ||    19
       Potion            |       |       |     2 |       ||     2
  Eat: Chunk             |       |     2 |    11 |     3 ||    16
       Ration            |       |       |       |     2 ||     2
Armor: Scale mail        |    33 |     1 |       |       ||    34
       Chain mail        |       |    67 |   181 |   158 ||   406
       Plate armour      |       |       |       |    31 ||    31
Dodge: Dodged            |    37 |    21 |    72 |    96 ||   226
Block: Kite shield       |    30 |    72 |   191 |   244 ||   537

Table legend:
 A = Non-vault XP
 B = Vault XP
 C = Vault XP percentage of total XP
 D = Non-vault monster count
 E = Vault monster count
 F = Vault count percentage of total count
                 A         B        C        D         E       F
            +---------+---------+-------+---------+---------+-------
      Total |    8579 |    3451 |  28.7 |     197 |      28 |  12.4
            +---------+---------+-------+---------+---------+-------
        D:1 |       4 |       0 |   0.0 |       2 |       0 |   0.0
        D:2 |      76 |      37 |  32.7 |      22 |       1 |   4.3
        D:3 |      16 |       0 |   0.0 |       6 |       0 |   0.0
        D:4 |     291 |      35 |  10.7 |      12 |       1 |   7.7
        D:5 |     652 |       0 |   0.0 |      25 |       0 |   0.0
        D:6 |     671 |       9 |   1.3 |      19 |       8 |  29.6
        D:7 |     545 |       0 |   0.0 |      11 |       0 |   0.0
        D:8 |     661 |    2593 |  79.7 |      24 |       8 |  25.0
        D:9 |    2108 |     450 |  17.6 |      23 |       1 |   4.2
       D:10 |     930 |     215 |  18.8 |      31 |       1 |   3.1
       D:11 |     740 |       0 |   0.0 |      11 |       0 |   0.0
       D:12 |    1885 |       0 |   0.0 |      11 |       0 |   0.0
      Sewer |       0 |     112 | 100.0 |       0 |       8 | 100.0
            +---------+---------+-------+---------+---------+-------
